AoeStats
← flem.TheLastBender

Pilgrims

509939099Analyzed
4v4 RM · 5d ago on Sep 28, 2026· 30m 6s· 8 players
Game mode
Random Map
Map size
Large (8 player)
Population
200
Speed
Normal
Resources
Standard
Victory
Conquest
Starting age
Dark Age
Ending age
Imperial Age
RankedLock teamsTeams togetherTeam positionsShared explorationLock speedFull tech treeHidden civsTurbo modeCheats
Victory
Defeat
🇹🇷 Vietnamese · Türkiye
1810
+7
🇷🇺 Dravidians · Russia
1772
+8
1719
+10
🇩🇪 Turks · Germany
1430
+20
🇧🇪 Varangians · Belgium
1592
-12
🇧🇪 Persians · Belgium
1582
-11
🇳🇱 Magyars · Netherlands
1565
-11
🇧🇪 Lithuanians · Belgium
1564
-11
[RUS-F] Dourdom
2:58 Loom
10:31 Feudal Age
12:55 Double-Bit Axe
14:51 Fletching
18:55 Wheelbarrow
23:03 Castle Age
21:07 Fishing Lines
24:00 Medium Warships
25:08 Bow Saw
软脚虾3号
12:42 Feudal Age
13:16 Loom
16:35 Castle Age
14:54 Double-Bit Axe
15:16 Fishing Lines
16:05 Town Watch
17:29 Fletching
17:51 Bow Saw
18:14 Padded Archer Armor
25:06 Wheelbarrow
24:14 Horse Collar
24:25 Gold Mining
24:26 Stone Mining
26:45 Gillnets
28:37 Hand Cart
29:12 Heavy Plow
Jugband
7:48 Loom
11:07 Feudal Age
11:39 Town Watch
14:48 Castle Age
12:34 Double-Bit Axe
13:03 Stone Mining
15:52 Bow Saw
17:20 Fletching
18:51 Fletching
18:59 Fishing Lines
19:05 Horse Collar
21:45 Bodkin Arrow
23:18 Padded Archer Armor
26:05 Wheelbarrow
31:33 Imperial Age
CTM | Lelouch ELO bajito
6:53 Loom
20:48 Feudal Age
31:40 Castle Age
29:56 Fishing Lines
flem.Dieterkiller
6:43 Loom
13:24 Feudal Age
20:08 Castle Age
20:15 Castle Age
18:50 Double-Bit Axe
19:43 Fletching
bosaap12
10:57 Feudal Age
12:35 Double-Bit Axe
15:09 Castle Age
15:04 Fletching
15:24 Loom
16:17 Medium Warships
16:03 Bodkin Arrow
19:18 Bow Saw
20:57 Scale Barding Armor
24:14 Chain Barding Armor
flem.TheLastBender
8:40 Loom
10:41 Feudal Age
9:00 Loom
11:14 Double-Bit Axe
18:48 Castle Age
17:09 Fletching
21:35 Bow Saw
21:47 Town Watch
23:11 Scale Barding Armor
Jolatis
8:26 Loom
10:33 Feudal Age
15:02 Castle Age
14:09 Town Watch
18:22 Double-Bit Axe
24:16 Scale Barding Armor
25:26 Bloodlines
Connection lost

Rejoining the realm…

Still unreachable

The connection could not be restored.

Session expired

The server has moved on; the page needs a fresh start.